Cogmind - Beta 11 X8 --- EXPLORER MODE // 2021.10.28 @ 10:47:03 // Winter2019/RPGLIKE Player: jfk Result: Destroyed by D-53 Grenadier with Mini Grenade Launcher Performance ------------- Evolutions (0) 0 Regions Visited (2) 400 Robots Destroyed (16) 80 Value Destroyed (503) 503 Prototype IDs (2) 40 Alien Tech Used (0) 0 Bonus (0) 0 TOTAL SCORE: 1023 Bonus ------- None Cogmind --------- Core Integrity 0/600 Matter 248/300 Energy 250/250 System Corruption 1% Temperature Cool (0) Movement Walking (120) Location -10/Mines Parts ------- > --- POWER (1) -------- Ion Engine > --- PROPULSION (2) --- Aluminum Leg Aluminum Leg > --- UTILITY (2) ------ Terrain Scanner > --- WEAPON (2) ------- Assault Rifle Light Assault Rifle > --- INVENTORY (3) ---- Light Nuclear Core Targeting Computer Tractor Beam Peak State ------------ > --- POWER ------------ Ion Engine > --- PROPULSION ------- Aluminum Leg Aluminum Leg > --- UTILITY ---------- Terrain Scanner Weapon Shielding > --- WEAPON ----------- Assault Rifle Light Assault Rifle > --- INVENTORY -------- (None) [Rating: 7] Favorites ----------- Power Ion Engine Engine Ion Engine Propulsion Aluminum Leg Leg Aluminum Leg Utility Terrain Scanner Device Terrain Scanner Protection Weapon Shielding Weapon Assault Rifle Ballistic Gun Assault Rifle Build | -11 -10 -10 ------- Run | Scr Mat Min Slots Evolved 3 | 3 . . Power . | . . . Propulsion 1 | 1 . . Utility 1 | 1 . . Weapon 1 | 1 . . Parts Attached 7 | 7 . . Power 1 | 1 . . Engine 1 | 1 . . Core . | . . . Reactor . | . . . Propulsion 2 | 2 . . Treads . | . . . Leg 2 | 2 . . Wheel . | . . . Hover . | . . . Flight . | . . . Utility 2 | 2 . . Device 1 | 1 . . Storage . | . . . Processor . | . . . Hackware . | . . . Protection 1 | 1 . . Artifact . | . . . Weapon 2 | 2 . . Energy Gun . | . . . Energy Cannon . | . . . Ballistic Gun 2 | 2 . . Ballistic Cannon . | . . . Launcher . | . . . Special Weapon . | . . . Impact Weapon . | . . . Slashing Weapon . | . . . Piercing Weapon . | . . . Special Melee Weapon . | . . . Unidentified Prototypes . | . . . Parts Lost 1 | . . 1 Power . | . . . Propulsion . | . . . Utility 1 | . . 1 Weapon . | . . . Highest Loss Streak 1 | . . 1 Average Slot Usage (%) 98 | . 100 98 Engine 14 | . 14 14 Leg 28 | . 28 28 Device 14 | . 14 14 Protection 13 | . 14 12 Ballistic Gun 28 | . 28 28 Naked Turns . | . . . Heaviest Build 10 | 10 10 10 Greatest Support 20 | 20 20 20 Greatest Overweight (x) 1 | 1 . . Average Overweight (x) . | . . . Largest Inventory Capacity 3 | 3 3 3 Average Capacity 2 | 1 3 3 Most Carried 3 | 2 3 3 Average Carried 2 | . 2 3 Final Capacity 3 | 3 3 3 Final Carried 3 | 2 3 3 Class Distribution -------------------- 100% | Hacker-Mutant Dominant Class ---------------- Hacker-Mutant | -10/Materials Hacker-Mutant | -10/Mines Resources | -11 -10 -10 ----------- Run | Scr Mat Min Matter Collected 426 | 255 79 92 Remotely . | . . . Salvage Created 598 | . 172 426 Parts 37 | . 21 16 Haulers Intercepted . | . . . Recyclers Shooed . | . . . Parts Field Recycled . | . . . Retrieved Matter . | . . . Parts Self-Destructed . | . . . Prevented . | . . . Kills | -11 -10 -10 ------- Run | Scr Mat Min Combat Hostiles Destroyed 15 | . 6 9 Guns 15 | . 6 9 Classes Destroyed 4 | . 3 1 Builder 1 | . 1 . Swarmer 4 | . 2 2 Grunt 10 | . 4 6 Demolisher 1 | . . 1 Best Kill Streak 3 | . 3 3 Combat Bots Only 3 | . 2 3 Max Kills in Single Turn 1 | . 1 1 Gunslinging . | . . . Exploded . | . . . Melee . | . . . Uniques/NPCs Destroyed . | . . . Combat | -11 -10 -10 -------- Run | Scr Mat Min Damage Taken 1094 | . 175 919 Core 818 | . 116 702 Absorbed by Shields . | . . . Redirected to Core 679 | . 98 581 Core Remaining (%) 100 | 100 . . Volleys Fired 54 | . 18 36 Largest 2 | . 2 2 Hottest 40 | . 40 40 Shots Fired 108 | . 36 72 Gun 108 | . 36 72 Cannon . | . . . Launcher . | . . . Special . | . . . Kinetic 108 | . 36 72 Thermal . | . . . Explosive . | . . . Electromagnetic . | . . . Robot Hit Streak 13 | . 12 13 Robot Miss Streak 2 | . 2 1 Penetration Max . | . . . Secondary Targets 5 | . 2 3 Max Gunslinging Chain 1 | . 1 1 Shots Hit Robots 89 | . 29 60 Core Hits 45 | . 15 30 Critical Kills . | . . . Critical Parts Destroyed 1 | . . 1 Critical Strikes 1 | . . 1 Destroy 1 | . . 1 Melee Attacks . | . . . Impact . | . . . Slashing . | . . . Piercing . | . . . Sneak Attacks . | . . . Combat Hostiles . | . . . Follow-up Attacks . | . . . Damage Inflicted 951 | 3 314 634 Guns 937 | . 314 623 Cannons . | . . . Explosions . | . . . Melee . | . . . Ramming 14 | 3 . 11 Kinetic 937 | . 314 623 Thermal . | . . . Explosive . | . . . Electromagnetic . | . . . Impact . | . . . Slashing . | . . . Piercing . | . . . Highest Corruption 1 | . 1 1 Average Corruption 1 | . 1 1 Corruption Purged . | . . . Effects 1 | . . 1 Message Errors 1 | . . 1 Overload Shots . | . . . Overflow Damage . | . . . Projectiles . | . . . Explosions . | . . . Melee . | . . . Knockbacks . | . . . Impact . | . . . Kinetic . | . . . Secondary . | . . . Self-Inflicted Damage . | . . . Shots . | . . . Rammed . | . . . Targets Rammed 6 | 3 . 3 Kicked 6 | 3 . 3 Crushed . | . . . Highest Temperature 34 | . 34 27 Average Temperature 11 | . 12 9 Received Heat Transfer 330 | . 150 180 Siege Activations . | . . . Robots Corrupted . | . . . Combat Hostiles . | . . . Parts Fried . | . . . Impact Corruptions . | . . . Robots Melted . | . . . Combat Hostiles . | . . . Parts Melted . | . . . Heat Transferred . | . . . Parts Sabotaged . | . . . Parts Stolen . | . . . Parts Stripped . | . . . Power Chain Reactions . | . . . Missiles Intercepted . | . . . Alert | -11 -10 -10 ------- Run | Scr Mat Min Peak Influence 261 | . 170 261 Initial 46 | . . 46 Average 98 | . 62 142 Maximum Alert Level 1 | . . 1 Low Security (%) 82 | 100 100 68 Level 1 17 | . . 31 Level 2 . | . . . Level 3 . | . . . Level 4 . | . . . Level 5 . | . . . High Security . | . . . Max Security . | . . . Squads Dispatched . | . . . Investigation . | . . . Extermination . | . . . Reinforcement . | . . . Assault . | . . . Garrison . | . . . Intercept . | . . . Construction Impeded . | . . . Haulers Reinforced . | . . . Active Scanning Responses . | . . . Cargo Convoy Interrupts . | . . . Stealth | -11 -10 -10 --------- Run | Scr Mat Min Distress Signals 1 | . 1 . Communications Jammed . | . . . Distress Signals . | . . . Times Spotted 39 | . 8 31 Peak Tracking Total 20 | . 3 20 Tactical Retreats 2 | . . 2 Traps | -11 -10 -10 ------- Run | Scr Mat Min Traps Triggered 1 | . 1 . Indirectly . | . . . Trap Hack Attempts . | . . . Triggered . | . . . Disarmed . | . . . Reprogrammed . | . . . Reused . | . . . Traps Extracted . | . . . Installed . | . . . Triggered . | . . . Machines | -11 -10 -10 ---------- Run | Scr Mat Min Machines Disabled . | . . . Max in Single Turn . | . . . Machines Sabotaged . | . . . Garrisons Compromised . | . . . Overloaded Fab Kills . | . . . Hacking | -11 -10 -10 --------- Run | Scr Mat Min Machines Accessed 2 | . 2 . Terminals 2 | . 2 . Fabricators . | . . . Repair Stations . | . . . Recycling Units . | . . . Scanalyzers . | . . . Garrison Access . | . . . Total Hacks 3 | . 3 . Successful 1 | . 1 . Failed 2 | . 2 . Catastrophic . | . . . Database Lockouts . | . . . Manual 2 | . 2 . Terminals 3 | . 3 . Fabricators . | . . . Repair Stations . | . . . Recycling Units . | . . . Scanalyzers . | . . . Garrison Access . | . . . Terminal Hacks 1 | . 1 . Prototype ID Bank 1 | . 1 . Fabricator Hacks . | . . . Repair Station Hacks . | . . . Recycling Unit Hacks . | . . . Scanalyzer . | . . . Garrison Access Hacks . | . . . Unauthorized Hacks . | . . . Terminals . | . . . Fabricators . | . . . Repair Stations . | . . . Recycling Units . | . . . Scanalyzers . | . . . Garrison Access . | . . . Data Cores Recovered . | . . . Used . | . . . Hacking Detections 1 | . 1 . Full Trace Events . | . . . Feedback Events . | . . . Feedback Blocked . | . . . Robot Schematics Acquired . | . . . Robots Built . | . . . Authchips . | . . . Time . | . . . Total Robot Build Rating . | . . . Part Schematics Acquired . | . . . Parts Built . | . . . Authchips . | . . . Time . | . . . Total Part Build Rating . | . . . Parts Repaired . | . . . Time . | . . . Parts Recycled . | . . . Recycled Matter . | . . . Retrieved Matter . | . . . Retrieved Components . | . . . Parts Scanalyzed . | . . . Part Schematics Acquired . | . . . Parts Damaged . | . . . Bothacking | -11 -10 -10 ------------ Run | Scr Mat Min Used RIF Installer . | . . . Robots Hacked . | . . . Non-combat . | . . . Combat . | . . . Robot Hacks Applied . | . . . Relay Couplers Released . | . . . Robots Rewired . | . . . Allies Hacked . | . . . Hacks Repelled . | . . . Allies | -11 -10 -10 -------- Run | Scr Mat Min Total Allies . | . . . Largest Group . | . . . Highest-Rated Group . | . . . Highest-Rated Ally . | . . . Total Orders . | . . . Ally Attacks . | . . . Total Damage . | . . . Kills . | . . . Allies Corrupted . | . . . Allies Melted . | . . . Intel | -11 -10 -10 ------- Run | Scr Mat Min Robot Analysis Total . | . . . Derelict Logs Recovered 1 | . . 1 Drone Launches . | . . . Drone Recoveries . | . . . Exploration | -11 -10 -10 ------------- Run | Scr Mat Min Turns Passed 814 | 109 253 452 Spaces Moved 544 | 94 163 287 Core 30 | 30 . . Treads . | . . . Legs 514 | 64 163 287 Wheels . | . . . Hover . | . . . Flight . | . . . Fastest Speed 50 | 50 120 120 Average Speed 116 | 99 120 120 Slowest Speed 120 | 120 120 120 Overloaded Moves . | . . . Propulsion Burnouts . | . . . Robots Hopped . | . . . Cave-ins Triggered . | . . . Exploration Rate (%) 35 | 6 31 70 Regions Visited 2 Branch Regions 1 Pre-discovered Areas . | . . . Known Exits Taken 2 | 1 1 . Unknown Exits Taken . | . . . Scrap Searched 1 | . . 1 Spaces Dug . | . . . Terrain Destroyed . | . . . Melee . | . . . Projectile . | . . . AOE . | . . . Terrain Rammed . | . . . Walls Destroyed . | . . . Machines Disabled . | . . . Actions | -11 -10 -10 --------- Run | Scr Mat Min Total 624 | 105 188 331 Wait . | . . . Move 543 | 94 162 287 Hop . | . . . Pick Up 4 | 2 2 . Fast Attach 7 | 7 . . Attach . | . . . Detach . | . . . Swap . | . . . Drop 1 | . 1 . Fire 54 | . 18 36 Melee . | . . . Ram . | . . . Kick 5 | 2 . 3 Crush . | . . . Escape Stasis . | . . . Rewire . | . . . Trap . | . . . Miscellaneous 10 | . 5 5 Route ------- -11/Scrapyard -10/Materials -10/Mines (discovered 2 exits: *Mat x2) History --------- Turn | Location | Event 3 | -11/Scrapyard | Identified exit to Materials 3 | -11/Scrapyard | Discovered exit to Materials (range 15) 11 | -11/Scrapyard | Upgraded with Propulsion slot (x1) 11 | -11/Scrapyard | Upgraded with Utility slot (x1) 11 | -11/Scrapyard | Upgraded with Weapon slot (x1) 110 | -11/Scrapyard | Entered Materials 301 | -10/Materials | Build established: Hacker-Mutant 346 | -10/Materials | Identified exit to Mines 346 | -10/Materials | Discovered exit to Mines (range 14) 363 | -10/Materials | Entered Mines 427 | -10/Mines | Reached level 2 579 | -10/Mines | Found a hidden stash of uninstalled traps 709 | -10/Mines | Identified exit to Materials 709 | -10/Mines | Discovered exit to Materials (range 10) 757 | -10/Mines | Assembled infested the area 762 | -10/Mines | Assisted by a Guerilla fighting off Assembled 791 | -10/Mines | Core integrity fell below 50% 800 | -10/Mines | Core integrity fell below 20% 815 | -10/Mines | Destroyed by D-53 Grenadier with Mini Grenade Launcher Last Messages --------------- 00777_ as-74898 destroyed. 00777_ as-08630 destroyed. 00777_ as-29005 destroyed. 00778_ as-98821 destroyed. 00778_ as-23116 destroyed. 00778_ as-88948 destroyed. 00778_ as-57568 destroyed. 00778_ as-32234 destroyed. 00779_ as-75841 destroyed. 00779_ as-17918 destroyed. 00779_ as-43998 destroyed. 00780_ as-82676 destroyed. 00780_ as-63492 destroyed. 00781_ as-74096 destroyed. 00781_ as-46899 destroyed. 00781_ as-51678 destroyed. 00793_ The unstable cave ceiling collapses. 00800_ D-53 Grenadier destroyed. 00800_ Switching to secondary target: D-53 Grenadier. 00803_ The unstable cave ceiling collapses. Map ----- +----------------------------------------------------+ | | | | | | | | | | | | | | | | | ?????????????????????????????????????????????????? | | ?????????????????????????????????????????????????? | | ??????????????????????????????????????????#??##??? | | ?????????????????????????#??????????????????##??## | | ????????????????????###########???????????#?#??#?? | | ###### ???????????###############???#?#######?#### | | ###### ## ? ???####?########################### | | ######?### ?#??? ################?########## | | ###### ### ###? ########################## | | ###### #### ########################## | | ########## #### ########################## %< | | ########## ##### ##################### = | | ########## ?##### """ # # # ############## ### *% | | ########## ###### """ # ############## ### ! | | ########## """ ############## #####% | | ########## ##### ###### #####/ | | ## ############ ## # # ### #### ##### | | # ############## @ # ### ##### | | #% ############# ## | | &############# | | ### & & ######## ## ## ###### | | ### ######### ############ | | ### ##### ###### ###### d % ############ | | #### ###### ##### ##### % ############## | | #### ####### ##### ### ###### #### | | #### ####### ###### ## ##### #### | | #### ####### ###### ### #### | | ####### ###### # #### | | ############! ##### ## # ## ##### | | ############ #### ########## | | ########### ###### ########## | | ################## ####### ###### ## | | ################### ####### ##### ? | | ############# ## ###### % ### # | | ############ ##### ## ? ?# | | ########## ###### % ### | | ########## ####### #??# | | ########### ###### # ## ?### | | # ############# ##### ### ## #??# | | ################# ##### ##### # | | ################# ###### ### ######## ? | | ################# ####### ##?## ######???????< | +----------------------------------------------------+ Best States ------------- Heat Dissipation 25 Energy Generation 10 Energy Capacity 250 Matter Stores 300 Matter Capacity 300 Sight Range 16 Terrain Scan Range 14 Terrain Scan Density 1010 Resistance: KI 35 Resistance: TH 35 Resistance: EX 35 Resistance: EM 35 Resistance: I 35 Resistance: S 35 Resistance: P 35 Weapon Shielding 33 Evasion (%) 55 Offensive Hacking 20 Item Schematics ----------------- None Robot Schematics ------------------ None Fabricated ------------ Nothing Alien Tech Used ----------------- None Achievements -------------- None Challenges ------------ None RPGLIKE | -11 -10 -10 --------- Run | Scr Mat Min Levels Raised 1 | . . 1 XP Earned 8425 | 6000 750 1675 XP Spent 5300 | 5300 . . Upgrades 16 | 16 . . Propulsion Slot 1 | 1 . . Utility Slot 1 | 1 . . Weapon Slot 1 | 1 . . Inventory Capacity 3 | 3 . . Terrain Scan Density 10 | 10 . . Protomatter Created 125 | . 86 39 Integrity Restored 218 | . 101 117 Core 218 | . 101 117 Protomatter Decayed 56 | . 52 4 Game ------ Seed ShrapnelReactiveSheargun Manual? 0 Play Time 00:10:17 Cumulative 341.7 hours Start 2021.10.28 @ 10:39:01 End 2021.10.28 @ 10:47:03 Sessions 1 Manual Loads 0 Difficulty Explorer Special Mode Winter2019/RPGLIKE Game No. 111 Rogue 0 Adventurer 0 Explorer 111 Win Type - Total 26 Types 15/3/1/1/1/2/1/2/0 Lore% 71 Gallery% 86 Achievement% 81 Wizard Run 0 Options --------- ASCII 1 Keyboard 0 Movement Vi Keybinds 0 Fullscreen 2 Font 18/X11Bold Map View 76x50 Tactical HUD 1 Map Filters NONE Filters NONE Steam 1 RUN: ef15c39c-ab4d-42bb-841c-7b07bd7be0f8